 Dungeon Crawl Stone Soup version 0.23.2-1-ga50397a (webtiles) character file.

Game seed: 3569390194719252794

294 Borgoz the Skirmisher (level 6, -1/56 HPs)
             Began as a Minotaur Monk on May 25, 2019.
             Was a Believer of Ashenzari.
             Slain by a slave (3 damage)
             ... led by Pikel
             ... on level 4 of the Dungeon.
             The game lasted 00:03:53 (2562 turns).

Borgoz the Skirmisher (Minotaur Monk)               Turns: 2562, Time: 00:03:54

Health: -1/56      AC:  5    Str: 17    XL:     6   Next: 11%
Magic:  5/5        EV: 14    Int:  7    God:    Ashenzari [**....]
Gold:   161        SH:  0    Dex: 13    Spells: 5/5 levels left

rFire    . . .     SeeInvis .   a - +0 hand axe
rCold    . . .     Gourm    .   (no shield)
rNeg     + . .     Faith    .   b - +0 robe
rPois    .         Spirit   .   (helmet restricted)
rElec    .         Reflect  .   (no cloak)
rCorr    .         Harm     .   j - +2 pair of gloves
MR       .....                  (no boots)
Stlth    ++........             x - amulet of rage
HPRegen  0.18/turn              e - +5 ring of slaying
MPRegen  0.09/turn              g - ring of positive energy

@: no status effects
A: retaliatory headbutt, horns 2
a: Curse Item, Scrying, Renounce Religion, Evoke Berserk Rage


You were on level 4 of the Dungeon.
You worshipped Ashenzari.
Ashenzari was pleased with you.
You were not hungry.

You visited 1 branch of the dungeon, and saw 4 of its levels.

You collected 161 gold pieces.

Inventory:

Hand Weapons
 a - a +0 hand axe (weapon)
Missiles
 t - 2 throwing nets (quivered)
Armour
 b - a +0 robe (worn)
 j - a +2 pair of gloves (worn)
Jewellery
 e - a +5 ring of slaying (left hand)
 g - a ring of positive energy (right hand)
 k - an uncursed ring of stealth
 x - an amulet of rage (around neck)
Wands
 q - a wand of flame (9)
Scrolls
 h - 3 scrolls of enchant armour
 i - a scroll of remove curse
 m - 2 scrolls of identify {unknown}
 p - 2 scrolls of teleportation {unknown}
 r - a scroll of fog {unknown}
 s - a scroll of enchant weapon {unknown}
 u - a scroll of random uselessness {unknown}
 w - a scroll of immolation {unknown}
Potions
 d - 2 potions of heal wounds {unknown}
 l - 2 potions of flight {unknown}
 n - a potion of degeneration {unknown}
 o - 2 potions of haste {unknown}
 v - a potion of resistance {unknown}
Comestibles
 c - 5 rations
 f - 7 chunks of flesh


   Skills:
 + Level 5.2 Fighting
 + Level 5.1 Axes
 + Level 3.4 Armour
 + Level 4.7 Dodging
 - Level 1.5 Stealth


You had 5 spell levels left.
You didn't know any spells.
Your spell library was empty.

Dungeon Overview and Level Annotations

Branches:
Dungeon (4/15)
 Temple: D:4-7

Altars:
Ashenzari
Hepliaklqana
Trog
Wu Jian
Xom
Zin

Annotations:
D:4 Pikel


Innate Abilities, Weirdness & Mutations

You reflexively headbutt those who attack you in melee.
You have a pair of horns on your head.


Message History

You fail to use your ability.
Pikel misses you. The slave closely misses you. The slave hits you.
* * * LOW HITPOINT WARNING * * *
The slave hits you.
* * * LOW HITPOINT WARNING * * *
You fail to use your ability.
Pikel hits you with a +2 whip of freezing.
* * * LOW HITPOINT WARNING * * *
Pikel freezes you.
* * * LOW HITPOINT WARNING * * *
The slave hits you.
* * * LOW HITPOINT WARNING * * *
The slave barely misses you. x2; You furiously retaliate!
You headbutt the slave. You hit the slave but do no damage.
You headbutt the slave.
The slave is severely wounded.
You hit the slave but do no damage. You hit Pikel.
You hit the slave but do no damage. Pikel barely misses you.
The slave hits you.
You die...

#..........# , ,
#..........# .........
##..........# .........
, .........####
#........
###......####**#........
...รท......... .........
###......####* #........
###......#######pp......
**,
...............p@Ks.....
,
########...#######.##...
, ###.# .# #.#* * # ,
#.. , , ,, * #### *** ,
, , , * + * ,


You could see Pikel, 3 slaves and a giant cockroach.

Vanquished Creatures
  A slave (D:4)
  A hound (D:4)
  2 orc priests (D:3)
  A worker ant (D:4)
  4 gnolls (D:3)
  6 adders
  2 oozes
  3 worms (D:3)
  A dart slug (D:1)
  A leopard gecko (D:1)
  9 orcs
  A ball python (D:2)
  8 bats
  3 giant cockroaches (D:2)
  4 goblins
  5 hobgoblins
  4 jackals (D:3)
  3 frilled lizards
  2 kobolds
  8 rats
69 creatures vanquished.

Notes
Turn   | Place    | Note
-------+----------+-------------------------------------------
     0 | D:1      | Borgoz the Minotaur Monk began the quest for the Orb.
     0 | D:1      | Reached XP level 1. HP: 19/19 MP: 0/0
    91 | D:1      | Reached XP level 2. HP: 26/27 MP: 1/1
   157 | D:1      | Reached skill level 1 in Armour
   691 | D:2      | Reached XP level 3. HP: 33/33 MP: 2/2
   751 | D:2      | Found a shattered altar of Ashenzari.
   752 | D:2      | Found a hazy altar of Hepliaklqana.
   815 | D:2      | Became a worshipper of Ashenzari the Shackled
   815 | D:2      | Reached * piety under Ashenzari
   815 | D:2      | Reached ** piety under Ashenzari
   860 | D:2      | Found a glowing silver altar of Zin.
   861 | D:2      | Noticed an angel
   862 | D:2      | Found a shimmering altar of Xom.
  1424 | D:2      | Reached XP level 4. HP: 41/41 MP: 3/3
  1679 | D:3      | Found a bloodstained altar of Trog.
  1685 | D:3      | Found an ornate altar of the Wu Jian Council.
  1821 | D:3      | Reached XP level 5. HP: 47/47 MP: 4/4
  2018 | D:3      | Reached skill level 5 in Fighting
  2427 | D:4      | Reached skill level 5 in Axes
  2493 | D:4      | Reached XP level 6. HP: 46/56 MP: 5/5
  2544 | D:4      | Noticed a slave
  2545 | D:4      | Noticed Pikel
  2545 | D:4      | Noticed a slave
  2547 | D:4      | Noticed a slave
  2548 | D:4      | Noticed a slave
  2554 | D:4      | Killed a slave
  2561 | D:4      | HP: 2/56 [slave[Pikel] (1)]
  2562 | D:4      | Slain by a slave

Skill      XL: |  1  2  3  4  5 |
---------------+----------------+-----
Armour         | 1 2 3 |  3.4
Fighting       | 4 5 |  5.2
Axes           | 4 5 |  5.1
Dodging        | 4 |  4.7
Stealth        | |  1.5

Action                   |  1- 3 |  4- 6 || total
-------------------------+-------+-------++-------
Melee: Hand axe          |    48 |    78 ||   126
       Headbutt          |     6 |    19 ||    25
  Use: Scroll            |       |     1 ||     1
 Stab: Sleeping          |     6 |     3 ||     9
  Eat: Chunk             |     1 |     4 ||     5
Armor: Robe              |    10 |    11 ||    21
Dodge: Dodged            |    37 |    79 ||   116
